cohdb
Replays
Latest Replays
All Replays
Popular Replays
Top Player Replays
Match Explorer
How It Works
Community
CoH3 Stats
Reddit
Sign in to upload your games and track your stats! →
Sign in with Steam
Match 41126088
Unlisted
Match 41126088
Overview
Messages
Build Orders
End
Pioneer Squad
Pioneer Squad
Construct Infanterie Kompanie
Selects Terror Battlegroup
Selects Machine Gun Camouflage
MG 42 Machine Gun Team
Grenadier Squad
GrW 34 Mortar Team
Grenadier Squad
Grenadier Squad
Construct Luftwaffe Kompanie
221 Scout Car
Selects Defend the Fatherland
Jäger Squad
Kettenkrad Recon Vehicle
Flak 30 Anti-aircraft Gun Team
Construct Panzer Kompanie
Selects King Tiger Heavy Tank
King Tiger Heavy Tank
Selects Contempt for the Weak
Pioneer Squad
Side Skirts
masterhex
jdnebel
0
0
Comments
sign in to comment!
No comments posted yet!